[Event "ICC 3 0"]
[Site "Internet Chess Club"]
[Date "2005.04.17"]
[Round "?"]
[White "Vucic"]
[Black "Bojkov, Dejan"]
[Result "0-1"]
[ECO "E92"]
[WhiteElo "2591"]
[BlackElo "2729"]
[Annotator "Goeller,Michael"]
[PlyCount "106"]
[EventDate "2005.??.??"]
[TimeControl "180"]

1. d4 Nf6 2. c4 g6 3. Nf3 Bg7 4. Nc3 O-O 5. e4 d6 6. Be2 e5 7. Bg5 exd4 8. Nxd4
h6 9. Bh4 c6 10. f3 Nbd7 11. O-O Re8 12. b3 $2 {Diagram #} Qe7 $6 {Of course,
playing 3-minute blitz it is easy to miss a shot -- but it is very much like
others that Bojkov illustrates in his wonderful book.} (12... Nxe4 $3 13. Bxd8
Nxc3 14. Qd2 Bxd4+ 15. Kh1 Nxe2 16. Rad1 (16. Rae1 $6 Bc3 $1) 16... Bc3 17. Qc2
Rxd8 18. Qxe2 Nc5 $19) 13. Rc1 a5 14. Re1 Nc5 15. Bf1 Qc7 16. Bg3 Nh5 17. Bf2
Bd7 18. g3 Rad8 19. Bg2 Bc8 20. f4 Re7 21. Bf3 Nf6 22. Qc2 Rde8 23. Re2 Ng4 24.
Rd1 Nxf2 25. Kxf2 Qb6 $1 (25... Bh3 $5) 26. Kg2 Bxd4 27. Rxd4 Nxb3 $5 28. axb3
$2 (28. Rxd6 $1 Nd4 29. Qb2 $1 Qc5 30. Rxd4 $1 Qxd4 31. Nd5 $1 Qxb2 32. Nxe7+
Rxe7 33. Rxb2 $11) 28... Qxd4 29. Rd2 Qf6 $19 30. Na4 g5 31. f5 g4 32. Bxg4
Rxe4 33. Bf3 Bxf5 34. Qc3 Qxc3 35. Nxc3 Re3 36. Nd1 Rxb3 37. Rxd6 Kg7 38. Nf2
a4 39. g4 Bg6 40. h4 a3 41. h5 a2 42. hxg6 a1=Q 43. gxf7 Kxf7 44. g5 hxg5 45.
Bh5+ Ke7 46. c5 Qe5 47. Bxe8 Kxe8 48. Rh6 Qg3+ 49. Kf1 Rb1+ 50. Ke2 Rb2+ 51.
Kd1 Qxf2 52. Re6+ Kf7 53. Re7+ Kxe7 {White resigns} 0-1